 Dungeon Crawl Stone Soup version 0.21-a0-471-gd587bd5 (webtiles) character file.

50 Laiders the Digger (level 3, 0/19 HPs)
             Began as a Gargoyle Earth Elementalist on Nov 21, 2017.
             Slain by a worm (5 damage)
             ... on level 2 of the Dungeon.
             The game lasted 00:02:20 (1284 turns).

Laiders the Digger (Gargoyle Earth Elementalist)    Turns: 1284, Time: 00:02:21

Health: 0/19       AC:  6    Str: 11    XL:     3   Next: 79%
Magic:  6/6        EV: 12    Int: 16    God:
Gold:   58         SH:  0    Dex: 10    Spells: 5/6 levels left

rFire    . . .     SeeInvis .   g - +0 mace
rCold    . . .     Gourm    .   (no shield)
rNeg     + . .     Faith    .   c - +0 robe
rPois    ∞         Spirit   .   f - +0 helmet
rElec    +         Reflect  .   (no cloak)
rCorr    .         Harm     .   (no gloves)
MR       .....                  (no boots)
Stlth    ++........             (no amulet)
HPRegen  0.06/turn              (no ring)
MPRegen  0.10/turn              (no ring)

@: no status effects
A: negative energy resistance 1, electricity resistance, unbreathing,
petrification resistance, rot immunity, AC +3
a: no special abilities


You were on level 2 of the Dungeon.
You were hungry.

You visited 1 branch of the dungeon, and saw 2 of its levels.

You collected 58 gold pieces.

Inventory:

Hand Weapons
 g - a +0 mace (weapon)
Missiles
 b - 79 stones (quivered)
Armour
 c - a +0 robe (worn)
 f - a +0 helmet (worn)
Jewellery
 o - an uncursed amulet of rage {unknown}
Scrolls
 h - a scroll of identify {unknown}
 j - a scroll of remove curse
 l - a scroll of enchant weapon {unknown}
 n - a scroll of fog {unknown}
Potions
 a - a potion of agility {unknown}
 m - a potion of flight {unknown}
Books
 e - a book of Geomancy

   Spells                             Type                      Level
   a - Sandblast                      Earth                        1
   b - Passwall                       Transmutation/Earth          2
   c - Stone Arrow                    Conjuration/Earth            3
   d - Petrify                        Transmutation/Earth          4
   e - Lee's Rapid Deconstruction     Earth                        5
Comestibles
 d - 2 bread rations
 i - a chunk of flesh
 k - 4 fruits


   Skills:
 - Level 1.5 Dodging
 - Level 2.1 Stealth
 - Level 2.0 Spellcasting
   Level 0.7 Transmutations
 + Level 5.6 Earth Magic


You had 5 spell levels left.
You knew the following spells:

 Your Spells              Type           Power        Failure   Level  Hunger
a - Sandblast             Erth           ###...       1%          1    #......


Dungeon Overview and Level Annotations

Branches:
Dungeon (2/15)

Altars:


Innate Abilities, Weirdness & Mutations

You are resistant to torment.
Your stone body is resilient. (AC +3)
You are immune to poison.
You resist negative energy. (rN+)
You are resistant to electric shocks. (rElec)
You can survive without breathing.
You are immune to petrification.
You are immune to rotting.


Message History

You closely miss the goblin. The goblin barely misses you.
You closely miss the goblin. The goblin closely misses you.
You hit the goblin.
You kill the goblin!
The kobold throws a stone.
The stone closely misses you.
You hit the worm but do no damage. The worm bites you but does no damage.
You hit the worm.
The worm is moderately wounded.
You barely miss the worm.
The worm is moderately wounded.
The worm misses you.
You thump the worm!
The worm is severely wounded.
The worm bites you!
* * * LOW HITPOINT WARNING * * *
A rat comes into view.
You barely miss the worm.
The worm is heavily wounded.
The worm bites you.
You die...

.... ##... .r.. . .#
#..# .#.# #..# ...#
(#####.)# #).#
.......K# #..#
..#####w# #..#
.#####@###..#
.......(...>.#
#.#######.#.##
#.######.#..# .# #
#.......###.#####..#
# ######.##
##.......# #
##.###.......## #
##.#...###### #
##### #######.#..#


You could see a worm, a kobold and a rat (wandering).

Vanquished Creatures
  An ooze (D:2)
  A worm (D:2)
  5 leopard geckos
  A giant cockroach (D:1)
  4 goblins
  5 hobgoblins
  7 jackals (D:1)
  2 kobolds (D:1)
  2 bats
  4 frilled lizards
  3 rats (D:1)
35 creatures vanquished.

Notes
Turn   | Place    | Note
-------+----------+-------------------------------------------
     0 | D:1      | Laiders the Gargoyle Earth Elementalist began the quest for the Orb.
     0 | D:1      | Reached XP level 1. HP: 10/10 MP: 3/3
   101 | D:1      | Reached skill level 4 in Earth Magic
   106 | D:1      | Reached XP level 2. HP: 7/15 MP: 5/5
   768 | D:1      | Reached skill level 5 in Earth Magic
   768 | D:1      | Reached XP level 3. HP: 15/19 MP: 4/6
  1284 | D:2      | Slain by a worm

Vault maps used:
D:1:      mainiacjoe_arrival_reflecting_pool
D:2:      nicolae_overflow_hidden_temple, nemelex_xobeh_ov_fountains_minmay,
          corner_web_ring

Skill      XL: |  1  2 |
---------------+-------+-----
Earth Magic    | 4 5 |  5.6
Dodging        | |  1.5
Stealth        | |  2.1
Spellcasting   | |  2.0
Transmutations | |  0.7

Action                   || total
-------------------------++-------
Melee: Mace              ||   110
 Cast: Sandblast         ||     8
  Use: Scroll            ||     1
  Eat: Chunk             ||     1
Armor: Robe              ||    33
Dodge: Dodged            ||    95

Table legend:
 A = Spawn XP
 B = Non-spawn XP
 C = Spawn XP percentage of total XP
 D = Spawn monster count
 E = Non-spawn monster count
 F = Spawn count percentage of total count
 G = Total turns spent on level
                    A         B        C        D         E        F      G
               +---------+---------+-------+---------+---------+-------+---------
         Total |       0 |      72 |   0.0 |       0 |      35 |   0.0 |  1284
               +---------+---------+-------+---------+---------+-------+---------
           D:1 |       0 |      47 |   0.0 |       0 |      25 |   0.0 |  1122
           D:2 |       0 |      25 |   0.0 |       0 |      10 |   0.0 |   162
               +---------+---------+-------+---------+---------+-------+---------
